 Dungeon Crawl Stone Soup version 0.28.0-1-gb440e238dd (webtiles) character file.

Game seed: 3011774777017090456

1852 themarg the Destroyer (level 9, -10/48 HPs)
             Began as a Tengu Conjurer on Feb 20, 2022.
             Mangled by a yak (13 damage)
             ... on level 4 of the Dungeon.
             The game lasted 00:21:13 (6815 turns).

themarg the Destroyer (Tengu Conjurer)              Turns: 6815, Time: 00:21:14

Health: -10/48     AC:  4    Str:  8    XL:     9   Next: 12%
Magic:  5/18       EV: 14    Int: 28    God:
Gold:   238        SH:  0    Dex: 13    Spells: 12/19 levels left

rFire   . . .      SeeInvis .   e - +0 dagger
rCold   . . .      Faith    .   (no shield)
rNeg    . . .      Spirit   .   m - +1 leather armour {Will+}
rPois   .          Reflect  .   (helmet restricted)
rElec   .          Harm     .   (no cloak)
rCorr   .          Rampage  .   (no gloves)
Will    +....                   (boots unavailable)
Stlth   ++........              (no amulet)
HPRegen 0.16/turn               q - +6 ring of intelligence
MPRegen 0.16/turn               (no ring)

@: flying quickly and evasively, quick
A: beak, talons 3, nimble flight
a: no special abilities


You were on level 4 of the Dungeon.
You visited 1 branch of the dungeon, and saw 5 of its levels.

You collected 238 gold pieces.

Inventory:

Hand Weapons
 e - a +0 dagger (weapon)
Missiles
 k - a throwing net
 o - 3 poisoned darts
 t - 49 stones
Armour
 m - a +1 leather armour of willpower (worn)
 n - a +2 robe of fire resistance
Jewellery
 q - a +6 ring of intelligence (left hand)
Wands
 l - a wand of paralysis (8)
Scrolls
 b - 2 scrolls of enchant armour {unknown}
 d - 2 scrolls of magic mapping
 f - 3 scrolls of noise
 g - 2 scrolls of teleportation
 h - 2 scrolls of enchant weapon {unknown}
 p - a scroll of silence {unknown}
 u - a scroll of immolation {unknown}
Potions
 c - a potion of curing
 i - a potion of brilliance
 j - a potion of haste {unknown}
 r - a potion of mutation {unknown}
 s - a potion of flight {unknown}
 v - a potion of berserk rage {unknown}


   Skills:
 + Level 1.6 Fighting
 + Level 1.3 Short Blades
 + Level 4.4 Armour
 + Level 3.2 Dodging
 + Level 4.5 Stealth
 + Level 5.9 Spellcasting
 + Level 10.7 Conjurations
 + Level 0.3 Air Magic


You had 12 spell levels left.
You knew the following spells:

 Your Spells              Type           Power      Damage    Failure   Level
a - Magic Dart            Conj           100%       1d8       1%          1
b - Searing Ray           Conj           100%       2d8       1%          2
c - Shock                 Conj/Air       100%       1d9       1%          1
d - Dazzling Flash        Conj/Hex       76%        N/A       2%          3

Your spell library contained the following spells:

 Spells                   Type           Power      Damage    Failure   Level
 Fulminant Prism          Conj/Hex       19%        3d11      9%          4
 Iskenderun's Mystic Bla  Conj/Tloc      38%        2d9       9%          4


Dungeon Overview and Level Annotations

Branches:
Dungeon (5/15)
 Temple: D:4-7

Altars:
Fedhas
Ru
Uskayaw

Shops:
D:4 (


Innate Abilities, Weirdness & Mutations

You have a beak for a mouth.
You have claws for feet.
Your magical nature lets you fly swiftly and evasively.


Message History

The yak barely misses you. The yak misses you.
A yak comes into view.
The searing ray misses the yak.
The searing ray hits the yak!
The yak is moderately wounded.
The yak gores you! x2
The searing ray misses the yak.
The searing ray hits the yak.
The yak is heavily wounded.
The yak gores you. The yak gores you!
* * * LOW HITPOINT WARNING * * *
The searing ray hits the yak!
You kill the yak!
The searing ray hits the yak.
The yak is severely wounded.
You finish channelling your searing ray.
The yak closely misses you. The yak gores you!
* * * LOW HITPOINT WARNING * * *
The yak barely misses you.
You fly upwards.
There is a stone staircase leading down here.
You feel better. The yak gores you but does no damage. The yak gores you.
* * * LOW HITPOINT WARNING * * *
The yak barely misses you. The yak gores you.
* * * LOW HITPOINT WARNING * * *
Casting: Searing Ray (safe; 1% risk of failure)
Confirm with . or Enter, or press ? or * to list all spells.
Aiming: Searing Ray (safe; 1% risk of failure)
Press: ? - help, Shift-Dir - straight line, f - yak
Aim: a yak (lightly wounded, 90% to hit)
The searing ray hits the yak.
The yak is moderately wounded. (Press . to maintain the ray.)
The yak closely misses you.
The searing ray hits the yak.
The yak is heavily wounded.
The searing ray hits the yak!
The yak is almost dead.
The yak gores you!
You die...

#.....................#
#.....#############'######
#.....#....#............#.
#.....#....#............#.
#.....#....#............#.
#.....#.>..#............##
#.....#..Y.#............##
#.....###Y#########.....##
#..######@####...##'######
#######............#............
#.....##...........#..........##
#........).........#........<.##
#..................#...#########
#..................#...##.....##
#.....##.....##...##...##.......
########.....##...##...##.......
#................>......#.......


You could see 2 yaks.

Vanquished Creatures
  A centaur zombie (D:5)
  Prince Ribbit (D:5)
  Sigmund (D:3)
  2 yaks (D:5)
  Menkaure (D:4)
  An orc warrior (D:4)
  2 scorpions
  A wyvern skeleton (D:5)
  A bullfrog zombie (D:5)
  3 hounds
  An orc priest (D:5)
  A centaur skeleton (D:3)
  5 iguanas
  Ijyb (D:3)
  A hound skeleton (D:4)
  7 gnolls (D:3)
  A howler monkey skeleton (D:5)
  3 adders (D:3)
  A shadow imp (D:5)
  An ufetubus (D:5)
  A dart slug (D:1)
  7 orcs
  9 endoplasms
  2 giant cockroaches
  4 goblins
  7 hobgoblins
  A quokka (D:1)
  4 ball pythons
  3 bats (D:2)
  4 frilled lizards (D:3)
  4 kobolds
  6 rats
88 creatures vanquished.

Notes
Turn   | Place    | Note
-------+----------+-------------------------------------------
     0 | D:1      | themarg the Tengu Conjurer began the quest for the Orb.
     0 | D:1      | Reached XP level 1. HP: 10/10 MP: 4/4
   223 | D:1      | Found a faded altar of an unknown god.
   231 | D:1      | Got Plato's Catalogue of Attacks
   368 | D:1      | Reached XP level 2. HP: 15/15 MP: 1/6
   419 | D:1      | Learned a level 2 spell: Searing Ray
   539 | D:1      | Reached skill level 6 in Conjurations
  1316 | D:2      | Found a sacrificial altar of Ru.
  1525 | D:2      | Reached XP level 3. HP: 19/19 MP: 5/7
  2598 | D:3      | Reached skill level 7 in Conjurations
  2598 | D:3      | Reached XP level 4. HP: 6/24 MP: 1/8
  3042 | D:3      | Gained mutation: Your magical nature lets you fly swiftly
                  | and evasively. [Tengu growth]
  3042 | D:3      | Reached XP level 5. HP: 21/28 MP: 1/9
  3577 | D:3      | Noticed Ijyb
  3582 | D:3      | Killed Ijyb
  3583 | D:3      | Reached XP level 6. HP: 32/32 MP: 4/11
  3763 | D:3      | Noticed Sigmund
  3772 | D:3      | Killed Sigmund
  3773 | D:3      | Reached skill level 8 in Conjurations
  3900 | D:3      | Found a hide-covered altar of Uskayaw.
  3909 | D:3      | Learned a level 1 spell: Shock
  3913 | D:3      | Learned a level 3 spell: Dazzling Flash
  3942 | D:4      | Reached XP level 7. HP: 37/37 MP: 6/13
  4459 | D:4      | Found Petuitedd's Antique Weapon Emporium.
  4513 | D:4      | Noticed Menkaure
  4518 | D:4      | Killed Menkaure
  4519 | D:4      | Reached skill level 1 in Armour
  4519 | D:4      | Reached skill level 9 in Conjurations
  4919 | D:4      | Found a blossoming altar of Fedhas.
  5128 | D:5      | Entered Level 5 of the Dungeon
  5280 | D:5      | Reached skill level 1 in Fighting
  5280 | D:5      | Reached skill level 5 in Spellcasting
  5280 | D:5      | Reached XP level 8. HP: 12/43 MP: 4/16
  5806 | D:5      | Reached skill level 1 in Short Blades
  5845 | D:5      | Reached skill level 10 in Conjurations
  6264 | D:5      | Noticed a yak
  6287 | D:5      | Killed a yak
  6682 | D:5      | Noticed Prince Ribbit
  6687 | D:5      | Killed Prince Ribbit
  6688 | D:5      | Reached XP level 9. HP: 40/47 MP: 11/18
  6815 | D:4      | Mangled by a yak

Illustrated notes

Levels and vault maps discovered:
D:1:      saegor_arrival_simple_d, layout_loops_ring,
          shapermc_ecumenical_altar_rom_forum
D:2:      layout_loops_ring, basic_altar
D:3:      layout_loops_ring, nicolae_uskayaw_suspiria, hangedman_decor_growths,
          uniq_ijyb, uniq_sigmund
D:4:      layout_gridville, fedhas_altar_3, serial_shops, nicolae_diamond_shop,
          uniq_menkaure
D:5:      layout_cave_pods, uniq_prince_ribbit1

Skill      XL: |  1  2  3  4  5  6  7  8 |
---------------+-------------------------+-----
Conjurations   | 6 7 8 9 10 | 10.7
Spellcasting   | 3 5 |  5.9
Stealth        | 3 4 |  4.5
Armour         | 2 4 |  4.4
Fighting       | 1 |  1.6
Dodging        | 3 |  3.2
Short Blades   | 1 |  1.3
Air Magic      | |  0.3

Action                   |  1- 3 |  4- 6 |  7- 9 || total
-------------------------+-------+-------+-------++-------
Melee: Dagger            |       |       |     4 ||     4
       Kick              |       |       |     4 ||     4
       Peck              |       |       |     1 ||     1
 Cast: Magic Dart        |    50 |    31 |    64 ||   145
       Searing Ray       |    10 |    10 |    29 ||    49
       Shock             |       |       |     2 ||     2
       Dazzling Flash    |       |       |     1 ||     1
  Use: Scroll            |       |     3 |     2 ||     5
       Potion            |       |       |     1 ||     1
 Stab: Sleeping          |       |       |     1 ||     1
Armor: Leather armour    |       |       |     9 ||     9
Dodge: Dodged            |    11 |     6 |    29 ||    46
